 Dungeon Crawl Stone Soup version 0.21-a0-286-g6fcecc0 (webtiles) character file.

0 Denreik the Skirmisher (level 1, -1/18 HPs)
             Began as a Formicid Abyssal Knight on Sept 27, 2017.
             Was a Follower of Lugonu.
             Slain by a large abomination (19 damage)
             ... on level 1 of the Abyss.
             The game lasted 00:02:36 (280 turns).

Denreik the Skirmisher (Formicid Abyssal Knight)     Turns: 280, Time: 00:02:36

Health: -1/18      AC:  3    Str: 16    XL:     1   Next: 0%
Magic:  2/2        EV: 11    Int: 11    God:    Lugonu [*.....]
Gold:   18         SH:  0    Dex: 10    Spells: 0/0 levels left

rFire    + . .     SeeInvis +   a - +1 spear
rCold    + . .     Gourm    .   (no shield)
rNeg     . . .     Faith    .   b - +0 leather armour
rPois    .         Spirit   .   (helmet unavailable)
rElec    .         Reflect  .   d - scarf {rC+ rF+}
rCorr    .         Harm     .   (no gloves)
MR       .....                  (no boots)
Stlth    +.........             (no amulet)
HPRegen  0.06/turn              (no ring)
MPRegen  0.08/turn              (no ring)

@: no status effects
A: permanent stasis, dig shafts and tunnels, four strong arms, antennae 3
a: Dig, Shaft Self, Depart the Abyss, Renounce Religion


You were on level 1 of the Abyss.
You worshipped Lugonu.
Lugonu was aware of your devotion.
You were not hungry.

You visited 0 branches of the dungeon, and saw 0 of its levels.
You visited the Abyss 1 time.

You collected 18 gold pieces.

Inventory:

Hand Weapons
 a - a +1 spear (weapon)
Armour
 b - a +0 leather armour (worn)
 d - a scarf of resistance (worn)
Comestibles
 c - a bread ration
 f - a meat ration


   Skills:
 - Level 3.2 Fighting
 * Level 2.0 Polearms
 - Level 2.1 Armour
 - Level 0.8 Dodging
 - Level 2.1 Invocations


You couldn't memorise any spells.
You didn't know any spells.

Dungeon Overview and Level Annotations

Branches:
Dungeon (0/15)

Altars:


Innate Abilities, Weirdness & Mutations

You cannot be hasted, slowed, berserked, paralysed or teleported.
You can dig through walls and to a lower floor.
Your four strong arms can wield two-handed weapons with a shield.
You have a pair of large antennae on your head. (SInv)


Message History

A tentacle flies out from the starspawn's body!
A starspawn tentacle comes into view.
Found 17 arrows.
You are suddenly pulled into a different region of the Abyss!
Found a meat ration.
Unknown command.
Unknown command.
You start resting.
HP restored.
Unknown command.
Found 13 gold pieces.
Found a scroll labeled BAIMUS PIGUI.
A large abomination comes into view.
Found a dagger.
You see here a meat ration.
f - a meat ration You see here 13 gold pieces.
The large abomination hits you!!
Ouch! That really hurt!
You die...

... #.####
#.###.#.#.# # ####..
##...##.# #.
#.#..#..#.....?#
#..#...#.#.....#...#
#...
..#..##.#....#..
#...#....#.#..#
#.#..#X###.#...#
#... ##@..#) ###
#.##....#....#.# .#
##... P.##.## ..
#... ...# ##
#.#.#..#.# #..#
.#### . . .. #. # ..


You could see a large abomination.

Vanquished Creatures
  A demonic plant (Abyss:1)
1 creature vanquished.

Vanquished Creatures (others)
  2 starspawn tentacles (Abyss:1)
2 creatures vanquished.

Grand Total: 3 creatures vanquished

Notes
Turn   | Place    | Note
-------+----------+-------------------------------------------
     0 | Abyss:1  | Denreik the Formicid Abyssal Knight began the quest for the Orb.
     0 | Abyss:1  | Reached XP level 1. HP: 18/18 MP: 2/2
   107 | Abyss:1  | Noticed a starcursed mass
   109 | Abyss:1  | Noticed a large abomination
   125 | Abyss:1  | Noticed a chaos spawn
   125 | Abyss:1  | Noticed a large abomination
   139 | Abyss:1  | Noticed a tentacled starspawn
   273 | Abyss:1  | Noticed a large abomination
   280 | Abyss:1  | Slain by a large abomination

Vault maps used:

Action                   || total
-------------------------++-------
Melee: Spear             ||    52
 Abil: Dig               ||     3

Table legend:
 A = Spawn XP
 B = Non-spawn XP
 C = Spawn XP percentage of total XP
 D = Spawn monster count
 E = Non-spawn monster count
 F = Spawn count percentage of total count
 G = Total turns spent on level
                    A         B        C        D         E        F      G
               +---------+---------+-------+---------+---------+-------+---------
         Total |       0 |       0 |   N/A |       0 |       0 |   N/A |   280
               +---------+---------+-------+---------+---------+-------+---------
               +---------+---------+-------+---------+---------+-------+---------
